 Dungeon Crawl Stone Soup version 0.20-a0-993-gba41c3c (webtiles) character file.

31 Alarkh the Insei (level 3, 24/27 HPs)
             Began as a Demonspawn Transmuter on Apr 11, 2017.
             Got out of the dungeon alive.
             The game lasted 00:00:48 (1119 turns).

Alarkh the Insei (Demonspawn Transmuter)            Turns: 1119, Time: 00:00:49

Health: 24/27      AC:  2    Str: 10    XL:     3   Next: 7%
Magic:  6/6        EV: 12    Int: 15    God:
Gold:   51         SH:  0    Dex: 13    Spells: 5/6 levels left

rFire    + . .     SeeInvis .     - Unarmed
rCold    . . .     Gourm    .   (no shield)
rNeg     . . .     Faith    .   b - +0 robe
rPois    .         Spirit   .   (no helmet)
rElec    .         Reflect  .   (no cloak)
rCorr    .         Harm     .   (no gloves)
MR       .....                  (no boots)
Stlth    +.........             (no amulet)
Regen    0.1/turn               (no ring)
MPRegen  0.1/turn               (no ring)

@: no status effects
A: fire resistance 1, powered by pain 1
a: no special abilities


You escaped.
You were not hungry.

You visited 1 branch of the dungeon, and saw 2 of its levels.

You collected 51 gold pieces.

Inventory:

Missiles
 a - 28 arrows
Armour
 b - a +0 robe (worn)
Scrolls
 e - a scroll of teleportation {unknown}
 h - a scroll of immolation {unknown}
Potions
 f - a potion of flight {unknown}
 g - a potion of heal wounds {unknown}
 i - 2 potions of cancellation {unknown}
 j - a potion of mutation {unknown}
 l - 2 potions of haste {unknown}
 n - 2 potions of brilliance {unknown}
Books
 c - a book of Changes

   Spells                             Type                      Level
   a - Beastly Appendage              Transmutation                1
   b - Sticks to Snakes               Transmutation                2
   c - Spider Form                    Transmutation/Poison         3
   d - Ice Form                       Ice/Transmutation            4
   e - Blade Hands                    Transmutation                5
Comestibles
 d - 2 bread rations
 k - a meat ration
 m - 2 chunks of flesh
 o - 2 fruits


   Skills:
 + Level 2.0 Fighting
 - Level 1.7 Dodging
 * Level 3.3 Unarmed Combat
 - Level 2.0 Spellcasting
 - Level 1.7 Transmutations


You had 5 spell levels left.
You knew the following spells:

 Your Spells              Type           Power        Failure   Level  Hunger
a - Beastly Appendage     Tmut           #.....       12%         1    #......


Dungeon Overview and Level Annotations

Branches:
Dungeon (2/15)

Altars:


Innate Abilities, Weirdness & Mutations

Your flesh is heat resistant. (rF+)
You sometimes gain a little power by taking damage.


Message History

You hit the goblin.
You kill the goblin!
No target in view!
No target in view!
No target in view!
No target in view!
No target in view!
No target in view!
No target in view!
(D) Dungeon
Where to? (Enter - D:1 @ (x,y), ? - help) Some of the chunks of flesh in your inventory have rotted away.
You see here a club.
You see here a leather armour.
You see here a stone.
There is an open door here.
There is an open door here.
There is a staircase leading out of the dungeon here.
Are you sure you want to leave the Dungeon?
This will make you lose the game!
You have escaped!

..####.........#.#.........#..###
.....#.........'.'.........#.)...
..####.(.......#.#.........#..###
..# ##.......##.##.......##..##
..#######...(###'####...###....##
#.#....##'#####...#####'##.......
.......##.###.......###.##.....##
..>....#...#.........#...#.......
.......#...+....@....+...#.....##
.......#...#.........#...#.....#
.......##.###.......###..#.....##
........#.#####...#####.##.......
........#..#####+#####..####...##
........##.............## #...#
##..#....############### #.).##
#.##....(....# #.##### #.....
##.##.........# #.....######.....


There were no monsters in sight!

Vanquished Creatures
  2 dart slugs (D:1)
  4 bats (D:1)
  3 giant cockroaches
  6 goblins
  A hobgoblin (D:1)
  2 ball pythons (D:1)
  3 frilled lizards (D:1)
  3 kobolds
  3 rats
27 creatures vanquished.

Notes
Turn   | Place    | Note
-------+----------+-------------------------------------------
     0 | D:1      | Alarkh the Demonspawn Transmuter began the quest for the Orb.
     0 | D:1      | Reached XP level 1. HP: 15/15 MP: 3/3
    98 | D:1      | Reached skill level 3 in Unarmed Combat
    98 | D:1      | Gained mutation: Your flesh is heat resistant. (rF+) [demonic ancestry]
    98 | D:1      | Reached XP level 2. HP: 13/21 MP: 5/5
   945 | D:2      | Gained mutation: You sometimes gain a little power by taking damage. [demonic ancestry]
   945 | D:2      | Reached XP level 3. HP: 22/27 MP: 6/6
  1119 | D:$      | Got out of the dungeon alive.

Vault maps used:
D:1:      dpeg_arrival_three_smaller_balls

Skill      XL: |  1  2 |
---------------+-------+-----
Unarmed Combat | 3 |  3.3
Fighting       | 2 |  2.0
Dodging        | |  1.7
Spellcasting   | |  2.0
Transmutations | |  1.7

Action                   || total
-------------------------++-------
Melee: Unarmed           ||   117
       Punch             ||     1
 Cast: Beastly Appendage ||     1
 Stab: Sleeping          ||     1
  Eat: Chunk             ||     1
Armor: Robe              ||    20
Dodge: Dodged            ||    71
